 Dungeon Crawl Stone Soup version 0.30-a0-1164-ge08a67761e (webtiles) character file.

Game seed: 17543218645499302019

879 ryw the Cudgeller (level 7, -2/52 HPs)
             Began as a Mummy Fighter on Apr 30, 2023.
             Slain by a hound (3 damage)
             ... on level 7 of the Dungeon.
             The game lasted 00:08:35 (5499 turns).

ryw the Cudgeller (Mummy Fighter)                   Turns: 5499, Time: 00:08:35

Health: -2/52      AC:  6    Str: 21    XL:     7   Next: 75%
Magic:  7/7        EV: 10    Int:  7    God:
Gold:   325        SH:  4    Dex: 12    Spells: 6/6 levels left

rFire   . . .        m - +0 flail (heavy)
rCold   + . .        c - +0 buckler
rNeg    + + +        q - +2 leather armour {rF+}
rPois   ∞            o - +1 hat
rElec   .            (no cloak)
rCorr   .            (no gloves)
SInv    .            (no boots)
Will    +....        (no amulet)
Stlth   +            e - ring of willpower
HPRegen 0.28/turn    (no ring)
MPRegen 0.10/turn

%: faith
@: no status effects
A: cold resistance 1, negative energy resistance 3, torment resistance 2, heat
vulnerability 1, in touch with death 1, no potions, faith
a: no special abilities


You were on level 7 of the Dungeon.
You visited 1 branch of the dungeon, and saw 7 of its levels.

You collected 325 gold pieces.

Inventory:

Hand Weapons
 a - a +0 flail
 m - a +0 heavy flail (weapon)
Missiles
 g - 5 poisoned darts (quivered)
 i - 6 javelins
 k - 2 throwing nets
Armour
 c - a +0 buckler (worn)
 o - a +1 hat (worn)
 q - a +2 leather armour of fire resistance (worn)
Jewellery
 e - a ring of willpower (left hand)
 f - a ring of protection from cold
Wands
 b - a wand of mindburst (18)
Scrolls
 d - a scroll of noise
 h - 2 scrolls of silence
 j - a scroll of vulnerability
 l - 2 scrolls of brand weapon
 p - 2 scrolls of teleportation
 r - 2 scrolls of fear {unknown}
 s - a scroll of identify
 t - 2 scrolls of enchant armour


   Skills:
 - Level 3.0 Fighting
 + Level 7.6 Maces & Flails
 - Level 2.4 Armour
 - Level 2.4 Shields


You had 6 spell levels left.
You didn't know any spells.
Your spell library contained the following spells:

 Spells                   Type           Power      Damage    Failure   Level
 Magic Dart               Conj           0%         1d3       56%         1
 Shock                    Conj/Air       0%         1d3       56%         1
 Ensorcelled Hibernation  Hex/Ice        0%         N/A       71%         2
 Passwall                 Tmut/Erth      0%         N/A       71%         2
 Searing Ray              Conj           0%         2d4       71%         2
 Dazzling Flash           Conj/Hex       0%         N/A       90%         3
 Swiftness                Air            0%         N/A       90%         3
 Airstrike                Air            0%         2d(0-16)  100%        4
 Fulminant Prism          Conj/Hex       0%         3d5       100%        4
 Agony                    Necr           0%         N/A       100%        5
 Irradiate                Conj/Tmut      0%         3d11      100%        5
 Silence                  Hex/Air        0%         N/A       100%        5
 Blade Hands              Tmut           Unusable   N/A       N/A         5
 Dragon Form              Tmut           Unusable   N/A       N/A         7

Dungeon Overview and Level Annotations

Branches:
Dungeon (7/15)
 Temple: D:4-7

Altars:
Fedhas
Makhleb
Nemelex Xobeh

Shops:
D:1 *   D:5 ?


Innate Abilities, Weirdness & Mutations

You are immune to poison.
Your flesh is cold resistant. (rC+)
You are immune to negative energy. (rN+++)
You are immune to unholy pain and torment.
You are vulnerable to heat. (rF-)
You are in touch with the powers of death.
You do not drink.
You have a special connection with the divine. (Faith)


Message History

Something hits you but does no damage.
You barely miss something. Something hits you.
* * * LOW HITPOINT WARNING * * *
You barely miss something. You block something's attack.
You hear some strange, mumbled words.
A puff of flame appears from out of thin air!
The puff of flame hits you!
* * * LOW HITPOINT WARNING * * *
You miss something. You block something's attack.
You closely miss something.
Something hits you but does no damage. x2
You miss something.
You hear some strange, mumbled words.
A puff of flame appears from out of thin air!
The puff of flame hits you.
* * * LOW HITPOINT WARNING * * *
Blink to where?
Press: ? - help, Dir - move target
As you read the scroll labelled VALORA EDUULA, it crumbles to dust.
It was a scroll of blinking.
A puff of flame appears from out of thin air!
The puff of flame misses you.
As you read the scroll labelled LEINOQ TUWOM, it crumbles to dust.
The scroll dissolves into smoke.
It was a scroll of fog.
An ice beast and a hound come into view.
Found a scroll labelled CIAVYC SUZ BAL.
The hound barks!
An orc wizard appears from thin air!
Reactivating autopickup.
You barely miss the orc wizard.
The orc wizard is almost dead.
The hound bites you but does no damage.
The orc wizard gestures at you while chanting.
The puff of flame hits you.
* * * LOW HITPOINT WARNING * * *
The hound bites you.
* * * LOW HITPOINT WARNING * * *
The orc wizard hits you with a +3 dagger of venom.
* * * LOW HITPOINT WARNING * * *
The hound bites you.
You die...

..........##.# #.##
###.########.# #..
..[.# #.# #..
...##.. ... ...
.#.##.# #.# #Y#
.#.##.# #.# #.#
.#.##.# ##.## #.# #
.#.##.# ###.#.####.#
#$ .#.##.#
#..###oo@h.# #.
.#.##.###.#.#.######
# #.
.......[..##.....#
.#.
...#############.#
#.# ####
#§###########.#
#§§§§§§§§§....####
#############{....
#.#### #.#


You could see a hound, an orc wizard and an orc.

Vanquished Creatures
  An orc warrior (D:5)
  A black bear (D:5)
  2 phantoms
  A scorpion (D:5)
  2 howler monkeys (D:5)
  An orc priest (D:5)
  A hound (D:5)
  An orc wizard (D:5)
  An iguana (D:5)
  10 gnolls
  11 adders
  2 worms (D:3)
  2 dart slugs (D:1)
  14 orcs
  8 ball pythons
  5 endoplasms
  3 giant cockroaches
  9 goblins
  5 hobgoblins
  4 jackals (D:5)
  2 kobolds
  3 quokkas
  5 bats
  4 frilled lizards
  5 rats
103 creatures vanquished.

Notes
Turn   | Place    | Note
-------+----------+-------------------------------------------
     0 | D:1      | ryw the Mummy Fighter began the quest for the Orb.
     0 | D:1      | Reached XP level 1. HP: 18/18 MP: 1/1
    79 | D:1      | Found Ucyvo's General Store.
    96 | D:1      | Reached skill level 2 in Maces & Flails
   166 | D:1      | Reached XP level 2. HP: 24/24 MP: 2/2
   837 | D:2      | Gained mutation: You are in touch with the powers of death.
                  | [Mummy growth]
   837 | D:2      | Reached XP level 3. HP: 26/29 MP: 3/3
   879 | D:2      | Reached skill level 3 in Maces & Flails
  1215 | D:1      | Reached XP level 4. HP: 24/35 MP: 4/4
  1391 | D:2      | Reached skill level 4 in Maces & Flails
  1916 | D:3      | Reached XP level 5. HP: 41/41 MP: 5/5
  3689 | D:4      | Noticed a phantom
  3695 | D:4      | Killed a phantom
  3696 | D:4      | Reached skill level 5 in Maces & Flails
  3696 | D:4      | Reached XP level 6. HP: 46/47 MP: 6/6
  4051 | D:5      | Entered Level 5 of the Dungeon
  4060 | D:5      | Found a sparkling altar of Nemelex Xobeh.
  4130 | D:5      | Reached skill level 6 in Maces & Flails
  4346 | D:5      | Reached XP level 7. HP: 43/52 MP: 7/7
  4497 | D:5      | Found Qicujotz's Magic Scroll Boutique.
  4673 | D:5      | Reached skill level 7 in Maces & Flails
  4728 | D:5      | Found a blossoming altar of Fedhas.
  5268 | D:5      | Found a burning altar of Makhleb.
  5335 | D:5      | You fall into a shaft and drop 2 floors!
  5499 | D:7      | HP: 1/52 [orc wizard/+3 dagger of venom (2)]
  5499 | D:7      | Slain by a hound

Illustrated notes

Levels and vault maps discovered:
D:1:      minmay_arrival_four_loops, layout_loops_ring, serial_shops,
          nicolae_diamond_shop, minmay_pentomino_z4
D:2:      layout_basic
D:3:      layout_loops_ring, serial_co_window_serial, co_window_paths_b,
          co_window_cross_1, co_window_of_opportunity_a, co_window_paths_b,
          co_window_paths_a, co_window_2corner, co_window_2corner,
          co_window_of_opportunity_b, co_window_of_opportunity_c,
          co_window_broadway_b, co_window_4corner_a
D:4:      layout_basic
D:5:      layout_basic, lemuel_crystal_altar,
          mainiacjoe_overflow_concentric_impassable,
          mainiacjoe_overflow_alcove_2, serial_shops,
          nicolae_shop_real_fake_doors, kennysheep_path_1
D:6:      layout_cave_pools, minmay_temple_entry_junction
D:7:      layout_loops_ring

Skill      XL: |  1  2  3  4  5  6  7 |
---------------+----------------------+-----
Maces & Flails | 2 3 4 5 6 7 |  7.6
Fighting       | |  3.0
Armour         | |  2.4
Shields        | |  2.4

Action                     |  1- 3 |  4- 6 |  7- 9 || total
---------------------------+-------+-------+-------++-------
  Melee: Flail             |   153 |   171 |    79 ||   403
  Throw: Dart              |       |     5 |     1 ||     6
         Javelin           |       |     4 |     6 ||    10
    Use: Scroll            |       |     5 |     4 ||     9
 Armour: Scale mail        |   104 |    40 |       ||   144
         Leather armour    |       |    32 |    45 ||    77
  Dodge: Dodged            |   101 |    84 |    37 ||   222
  Block: Buckler           |    40 |    40 |    22 ||   102

Table legend: (Time is in decaauts)
 A = Elapsed time spent in this place.
 B = Non-inter-level travel time spent in this place.
 C = Inter-level travel time spent in this place.
 D = Time resting spent in this place.
 E = Time spent auto-exploring this place.
 F = Levels seen in this place.
 G = Mean time per level.
                   A        B        C        D        E       F      G
               +--------+--------+--------+--------+--------+-----+--------+
         Total |   5674 |   5334 |    340 |    725 |   3331 |   7 |  810.6 |
       Dungeon |   5674 |   5334 |    340 |    725 |   3331 |   7 |  810.6 |
               +--------+--------+--------+--------+--------+-----+--------+

Top non-repeatable levels by time:
     D:5: 1347 daAuts
     D:3: 1284 daAuts
     D:2: 1231 daAuts
     D:1: 1036 daAuts
     D:4: 596 daAuts
     D:7: 169 daAuts
     D:6: 9 daAuts
